 Dungeon Crawl Stone Soup version 0.30.1-9-gdf580d7c3d (webtiles) character file.

Game seed: 9020660530224307112

56 Zalbag the Magician (level 4, 0/31 HPs)
             Began as a Djinni Fire Elementalist on Oct 25, 2023.
             Slain by a gnoll
             ... wielding a +0 whip
              (5 damage)
             ... on level 2 of the Dungeon.
             The game lasted 00:03:10 (916 turns).

Zalbag the Magician (Djinni Fire Elementalist)       Turns: 916, Time: 00:03:11

Health: 0/31       AC:  2    Str:  7    XL:     4   Next: 15%
Gold:   100        EV: 17    Int: 19    God:
                   SH:  0    Dex: 13

rFire   + + .        d - +0 dagger
rCold   x . .        (no shield)
rNeg    . . .        a - +0 robe
rPois   ∞            (no helmet)
rElec   .            (no cloak)
rCorr   .            (no gloves)
SInv    .            (boots unavailable)
Will    .....        (no amulet)
Stlth   ++           e - +5 ring of evasion
HPRegen 0.25/turn    (no ring)
MPRegen 0.00/turn

%: infuse magic (-1 HP)
@: flying
A: sickness immunity, fire resistance 2, cold vulnerability 1, float, innate
caster, HP casting, extra vitality 1
a: no special abilities


You were on level 2 of the Dungeon.
You visited 1 branch of the dungeon, and saw 2 of its levels.

You collected 100 gold pieces.

Inventory:

Hand Weapons
 c - a +0 club
 d - a +0 dagger (weapon)
Armour
 a - a +0 robe (worn)
Jewellery
 e - a +5 ring of evasion (left hand)
Scrolls
 b - a scroll of butterflies {unknown}
 h - 3 scrolls of teleportation {unknown}
 j - a scroll of identify {unknown}
Potions
 f - a potion of heal wounds {unknown}
 g - a potion of curing {unknown}
 i - a potion of mutation {unknown}


   Skills:
 - Level 2.1 Dodging
 - Level 1.5 Stealth
 * Level 3.7 Spellcasting


You knew the following spells:

 Your Spells              Type           Power      Damage    Failure   Level
a - Foxfire               Conj/Fire      68%        2x1d7     3%          1
b - Scorch                Fire           34%        2d6       4%          2
c - Volatile Blastmotes   Fire/Tloc      34%        2d12      10%         3
d - Inner Flame           Hex/Fire       17%        N/A       10%         3
e - Flame Wave            Conj/Fire      17%        2d7       30%         4
f - Beastly Appendage     Tmut           34%        N/A       3%          1
Your spell library was empty.

Dungeon Overview and Level Annotations

Branches:
Dungeon (2/15)

Altars:


Innate Abilities, Weirdness & Mutations

You are immune to sickness and miasma.
You are immune to poison.
Your flesh is very heat resistant. (rF++)
You are vulnerable to cold. (rC-)
You float through the air rather than walking.
You learn spells naturally, not from books.
Your magical power is your life essence.
You have superior vitality. (+4 MHP)


Message History

You conjure some foxfire!
The foxfire hits the gnoll but does no damage.
Your foxfire dissipates!
Casting: Foxfire (safe; 3% risk of failure)
Confirm with . or Enter, or press ? or * to list all spells.
Flames lash the gnoll.
The gnoll is severely wounded.
The gnoll's fire resistance burns away.
Casting: Scorch (safe; 5% risk of failure)
Confirm with . or Enter, or press ? or * to list all spells.
Flames lash the gnoll.
The gnoll is burned terribly!
You kill the gnoll!
You have reached level 4!
You feel clever.
A quokka comes into view.
The rat misses you.
You closely miss the rat. The rat bites you but does no damage.
The rat attacks as you move away! The rat completely misses you.
Casting: Scorch (safe; 4% risk of failure)
Confirm with . or Enter, or press ? or * to list all spells.
You miscast Scorch.
You are very lightly contaminated with residual magic.
Nothing appears to happen.
The gnoll hits you with a +0 whip.
* * * LOW HITPOINT WARNING * * *
Unknown command.
You see here a jackal corpse.
The gnoll attacks as you move away! The gnoll closely misses you.
Things that are here:
a +0 dagger; a kobold corpse The gnoll attacks as you move away!
The gnoll hits you with a +0 whip.
* * * LOW HITPOINT WARNING * * *
The gnoll attacks as you move away! The gnoll closely misses you.
Your magical contamination has completely faded away.
Things that are here:
a +0 club; a kobold corpse The gnoll attacks as you move away!
The gnoll hits you with a +0 whip.
* * * LOW HITPOINT WARNING * * *
There is a stone staircase leading up here.
The gnoll hits you with a +0 whip.
You die...

# #### #. .#.# . #.#
...#.. #..####....#
#.@)...†..# ###
##.g...#.# ####.g
#.g#.#.# ...#.g
##......# #.#..
#...#.#.# ##.#g.
####.#.r)..#
..r#..##
#.......†###
####...###########.#
.......)).......##.#


You could see 2 gnolls and a rat.

Vanquished Creatures
  2 gnolls (D:2)
  3 ball pythons (D:1)
  2 endoplasms (D:1)
  3 giant cockroaches (D:1)
  A goblin (D:1)
  5 hobgoblins
  3 jackals (D:2)
  A quokka (D:2)
  4 bats (D:1)
  A frilled lizard (D:1)
  6 kobolds
  3 rats (D:1)
34 creatures vanquished.

Vanquished Creatures (others)
  57 foxfires
57 creatures vanquished.

Grand Total: 91 creatures vanquished

Notes
Turn   | Place    | Note
-------+----------+-------------------------------------------
     0 | D:1      | Zalbag the Djinni Fire Elementalist began the quest for the
                  | Orb.
     0 | D:1      | Zalbag set off with the following spells memorised:
                  | Foxfire, Scorch, Volatile Blastmotes, Inner Flame, Flame
                  | Wave.
     0 | D:1      | Reached XP level 1. HP: 15/15 MP: 0/0
    79 | D:1      | Reached XP level 2. HP: 17/21 MP: 0/0
   131 | D:1      | Reached skill level 3 in Spellcasting
   303 | D:1      | Reached XP level 3. HP: 24/25 MP: 0/0
   303 | D:1      | Learned a level 1 spell: Beastly Appendage
   883 | D:2      | Reached XP level 4. HP: 10/31 MP: 0/0
   916 | D:2      | Slain by a gnoll

Illustrated notes

Levels and vault maps discovered:
D:1:      minmay_arrival_wavy_path, layout_basic, st_stairs_9,
          kennysheep_flooded_box, fountainhead
D:2:      layout_basic, serial_co_window_serial, co_window_corner_a,
          co_window_corner_a, co_window_corner_a, co_window_paths_b,
          co_window_of_opportunity_a, co_window_paths_b, co_window_corner_a,
          co_window_broadway_b, co_window_corner_b, co_window_of_opportunity_b,
          co_window_corner_cb, co_window_corner_ca, co_window_of_opportunity_c,
          glass_columns_a, glass_columns_a, glass_columns_b, glass_columns_b,
          kennysheep_generic_room_11

Skill      XL: |  1  2 |
---------------+-------+-----
Spellcasting   | 3 |  3.7
Dodging        | |  2.1
Stealth        | |  1.5

Action                     |  1- 3 |  4- 6 || total
---------------------------+-------+-------++-------
  Melee: Club              |    11 |       ||    11
         Dagger            |    18 |     1 ||    19
  Throw: Stone             |     2 |       ||     2
   Cast: Foxfire           |    37 |       ||    37
         Scorch            |     9 |       ||     9
 Armour: Robe              |    10 |     1 ||    11
  Dodge: Dodged            |    37 |     4 ||    41
